 Dungeon Crawl Stone Soup version 0.28-a0-773-g130ae17fe5 (webtiles) character file.

Game seed: 17488809691564446086

229564 lessens the Executioner (level 19, -7/274 HPs)
             Began as a Hill Orc Berserker on Nov 1, 2021.
             Was the Champion of Trog.
             Mangled by a merfolk (9 damage)
             ... on level 3 of the Shoals.
             The game lasted 00:49:06 (44646 turns).

lessens the Executioner (Hill Orc Berserker)       Turns: 44646, Time: 00:49:06

Health: -7/274     AC: 30    Str: 31    XL:     19   Next: 45%
Magic:  19/19      EV: 16    Int:  7    God:    Trog [******]
Gold:   1963       SH:  0    Dex: 10    Spells: 18/18 levels left

rFire   . . .      SeeInvis .   Y - +9 executioner's axe (vorpal)
rCold   + . .      Faith    .   (shield currently unavailable)
rNeg    . . .      Spirit   .   m - +4 plate armour {Will+}
rPois   +          Reflect  .   l - +0 helmet
rElec   +          Harm     .   u - +1 cloak of Starlight {*Dazzle EV+4 Stlth--}
rCorr   .          Rampage  .   b - +1 pair of gloves {Str+3}
Will    +....                   X - +0 pair of boots
Stlth   ..........              J - amulet of the Air {Inacc Air Fly rElec RMsl}
HPRegen 0.55/turn               M - ring of protection from cold
MPRegen 0.16/turn               S - ring of poison resistance

@: berserking, lethally poisoned (-7 -> -15), weak-willed, flying, repel
missiles, very quick
A: no striking features
}: 1/15 runes: gossamer
a: Renounce Religion, Berserk, Trog's Hand, Brothers in Arms


You were on level 3 of the Shoals.
You worshipped Trog.
Trog was exalted by your worship.
You visited 5 branches of the dungeon, and saw 30 of its levels.
You also visited: Gauntlet and Ice Cave.

You collected 3880 gold pieces.
You spent 1917 gold pieces at shops.

Inventory:

Hand Weapons
 B - a +5 antimagic battleaxe
 Y - a +9 vorpal executioner's axe (weapon)
Missiles
 e - 839 stones
 j - 20 boomerangs (quivered)
 G - 6 curare-tipped darts
Armour
 b - a +1 pair of gloves of strength (worn)
 l - a +0 helmet (worn)
 m - a +4 plate armour of willpower (worn)
 u - the +1 cloak of Starlight (worn) {*Dazzle EV+4 Stlth--}
   (You found it in a Gauntlet)

   It may blind those who miss an attack against the wearer in melee combat.
   EV:        It affects your evasion (+4).
   Stlth:     It makes you much less stealthy.
 T - a +1 chain mail of cold resistance
 X - a +0 pair of boots (worn)
Jewellery
 y - an amulet of guardian spirit
 A - a ring of protection from fire
 J - the amulet of the Air (around neck) {Inacc Air Fly rElec RMsl}
   (You found it in a Gauntlet)

   [amulet of nothing]

   It reduces the accuracy of all your attacks.
   It enhances your air magic.
   rElec:     It insulates you from electricity.
   Fly:       It grants you flight.
   RMsl:      It protects you from missiles.
 M - a ring of protection from cold (left hand)
 S - a ring of poison resistance (right hand)
Wands
 t - a wand of flame (33)
 K - a wand of digging (14)
 O - a wand of iceblast (23)
 R - a wand of acid (11)
 Z - a wand of mindburst (11)
Scrolls
 c - 4 scrolls of fog
 d - 11 scrolls of teleportation
 k - 2 scrolls of blinking
 o - 3 scrolls of identify
 p - 3 scrolls of silence
 q - 5 scrolls of holy word
 D - 6 scrolls of enchant armour
 L - 4 scrolls of magic mapping
 N - 3 scrolls of fear
 U - 2 scrolls of brand weapon
 W - a scroll of summoning
Potions
 f - 2 potions of resistance
 g - 6 potions of might
 h - a potion of magic
 i - a potion of attraction
 n - 4 potions of cancellation
 s - 4 potions of heal wounds
 v - 2 potions of ambrosia
 w - 2 potions of flight
 x - 2 potions of haste
 z - 9 potions of curing
 C - 3 potions of mutation
 I - 2 potions of invisibility
 P - 2 potions of berserk rage
Miscellaneous
 a - a phantom mirror
 H - a lightning rod (4/4)


   Skills:
 + Level 19.3 Fighting
 - Level 26.0 Axes
 + Level 16.5 Armour
 + Level 12.4 Dodging
 - Level 4.6 Evocations


You had 18 spell levels left.
You didn't know any spells.
Your spell library was empty.

Dungeon Overview and Level Annotations

Branches:
Dungeon (15/15)            Temple (0/1) D:6            Lair (6/6) D:10
 Shoals (3/4) Lair:3       Spider (4/4) Lair:3        Slime (0/5) Lair:5
    Orc (2/2) D:9             Elf (0/3) Orc:2        Vaults (0/5) D:13
 Depths (0/4) D:15          IceCv (visited)         Gauntlet (visited)

Altars:
Ashenzari
Fedhas
Gozag
Okawaru
Ru
Sif Muna
Wu Jian
Zin
Beogh

Shops:
D:1 !   D:5 :   D:10 !   Orc:2 (*[!(


Message History

The faun is severely wounded.
You feel very sick.
The faun hits you with a +0 quarterstaff.
* * * LOW HITPOINT WARNING * * *
The merfolk barely misses you.
You slash the faun!
The faun is almost dead.
You feel very sick.
The merfolk hits you from afar with a +0 glaive!
* * * LOW HITPOINT WARNING * * *
The merfolk misses you.
You slash the faun!
You kill the faun!
Trog accepts your kill.
Trog appreciates your killing of a magic user.
You feel sick.
The merfolk hits you but does no damage.
You feel very sick.
The merfolk hits you but does no damage.
The merfolk hits you with a +0 glaive!!
* * * LOW HITPOINT WARNING * * *
You see here a +0 spear.
You miss the merfolk. You hit the merfolk. You closely miss the merfolk.
* * * LOW HITPOINT WARNING * * *
You feel very sick.
The merfolk hits you but does no damage.
The merfolk misses you.
The merfolk hits you but does no damage.
You slice the merfolk!!
The merfolk is heavily wounded.
You hit the merfolk but do no damage. You miss the merfolk.
* * * LOW HITPOINT WARNING * * *
You feel sick.
You miss the merfolk.
The merfolk is heavily wounded.
You slice the merfolk!! x2
* * * LOW HITPOINT WARNING * * *
You feel sick. The merfolk closely misses you. x2
The merfolk hits you with a +0 glaive!
You die...

.≈≈≈≈≈≈≈≈≈≈≈≈≈≈≈
.≈≈≈≈≈≈≈≈≈≈≈≈≈≈≈
#.≈≈≈≈≈≈≈≈≈≈≈≈≈≈≈ #
#.≈≈≈≈≈≈≈≈≈≈≈≈≈≈≈ #.#
##.≈≈≈≈≈≈≈≈≈≈≈≈≈≈≈
.≈..###.≈≈≈≈≈≈≈≈≈≈≈≈≈≈≈≈
≈≈≈≈....≈≈≈≈≈≈≈≈≈≈≈≈≈≈≈≈
≈≈≈≈...m.≈≈≈≈≈≈≈≈≈≈≈≈≈≈≈
≈≈≈≈≈≈m@).≈≈≈≈≈≈≈≈≈≈≈≈≈≈
≈≈≈≈≈.m)..≈≈≈≈≈≈≈≈≈≈.≈≈≈
≈≈≈≈≈..))...≈≈≈≈≈≈≈≈..≈≈
≈≈≈....>#....≈≈≈≈≈≈≈≈≈.≈
≈≈≈....##...≈≈≈≈≈≈≈≈≈≈≈≈
≈≈≈≈..# ##...≈≈≈≈≈≈≈≈≈≈≈
≈≈≈≈.. #....≈≈≈≈≈≈≈≈≈≈
≈≈≈≈≈≈ ..##..≈≈≈≈..≈≈≈≈
.#.≈ .. ..≈≈≈≈≈.≈≈≈.≈


You could see 3 merfolk.

Vanquished Creatures
  Bai Suzhen (Spider:3)
  Arachne (Spider:2)
  Rupert (Spider:1)
  Jorgrun (D:13)
  Donald (Orc:2)
  5 ghost moths (Spider:4)
  A frost giant (IceCv)
  5 emperor scorpions
  4 spark wasps
  A minotaur (Gauntlet)
  3 entropy weavers
  An ettin (Orc:1)
  3 merfolk impalers
  A great orb of eyes (D:15)
  An ice dragon (D:13)
  5 boulder beetles
  A rakshasa (D:15)
  3 catoblepae
  6 hydras
  3 centaur warriors
  5 two-headed ogres
  A deep troll shaman (Lair:6)
  A tengu warrior (D:14)
  13 death yaks
  6 orc high priests (Orc:2)
  Urug (Lair:6)
  Sonja (D:13)
  Nergalle (D:11)
  3 sea snakes
  3 bog bodies (Shoals:1)
  A death drake (Gauntlet)
  A flayed ghost (D:10)
  9 harpies (Shoals:1)
  A lindwurm (Lair:6)
  2 wizards (Gauntlet)
  23 wolf spiders
  Pikel (D:5)
  18 orb spiders
  An orc sorcerer (Orc:2)
  3 deep elf pyromancers
  6 manticores
  11 fauns
  12 orc knights
  A moth of wrath (Spider:4)
  5 cyclopes
  11 ugly things
  2 water nymphs (Shoals:1)
  A spectral centaur (Gauntlet)
  27 elephants
  An ice statue (IceCv)
  A merfolk siren (Shoals:2)
  An eye of devastation (shapeshifter) (D:15)
  2 gargoyles (D:10)
  12 cane toads
  4 black mambas
  A cane toad (shapeshifter) (D:15)
  Maggie (D:6)
  5 rime drakes
  A kobold demonologist (D:13)
  Psyche (D:10)
  3 torpor snails
  9 demonic crawlers
  11 komodo dragons
  29 jumping spiders
  3 meliai (D:13)
  14 polar bears
  8 trolls
  3 wind drakes
  17 merfolk
  8 hornets
  Grinder (D:5)
  A raiju (shapeshifter) (D:13)
  16 blink frogs
  14 dream sheep
  3 snapping turtles (Shoals:2)
  15 slime creatures
  41 redbacks
  3 shadows
  24 tarantellas
  A water elemental (Shoals:2)
  A wraith (D:11)
  A vampire (D:9)
  4 wyverns
  62 yaks
  4 basilisks
  A hog (shapeshifter) (D:14)
  A human (shapeshifter) (D:13)
  2 vampire mosquitoes (D:12)
  10 wargs
  7 water moccasins
  Menkaure (D:6)
  An acid dragon (D:12)
  A hornet zombie (Gauntlet)
  Duvessa (D:4)
  An ice beast (D:6)
  42 orc warriors
  A necrophage (D:7)
  2 sky beasts
  4 black bears
  42 wolves
  10 ogres
  19 centaurs
  Blork the orc (D:5)
  9 bullfrogs
  A scorpion (D:5)
  Dowan (D:4)
  2 two-headed ogre simulacra (D:11)
  3 gnoll sergeants
  A wyvern zombie (D:8)
  2 wyvern skeletons
  11 killer bees (D:9)
  11 wights
  6 howler monkeys
  3 electric eels
  4 lava snakes (D:14)
  2 hounds
  5 centaur zombies
  6 jellies
  2 bullfrog skeletons
  33 orc priests
  Crazy Yiuf (D:4)
  2 centaur skeletons (D:4)
  An iguana (D:7)
  Jessica (D:3)
  7 hell rats (Lair:4)
  25 orc wizards
  2 troll simulacra (D:11)
  A hound skeleton (D:5)
  2 howler monkey zombies
  2 howler monkey skeletons (D:6)
  8 adders
  14 gnolls
  2 naga simulacra (D:11)
  A shadow imp (Gauntlet)
  3 white imps
  An ufetubus (D:6)
  2 worms (D:2)
  2 dart slugs
  75 orcs
  7 ball pythons
  9 endoplasms
  4 giant cockroaches
  4 goblins
  8 hobgoblins
  5 jackals
  8 quokkas
  7 bats
  5 frilled lizards
  7 kobolds
  5 rats
  A fire vortex (D:14)
1016 creatures vanquished.

Vanquished Creatures (others)
  A deep troll (D:13)
  A jumping spider (Spider:1)
  A merfolk (Shoals:2)
  2 bushes (Lair:4)
  30 fungi
  61 plants
  26 withered plants
122 creatures vanquished.

Grand Total: 1138 creatures vanquished

Notes
Turn   | Place    | Note
-------+----------+-------------------------------------------
     0 | D:1      | lessens the Hill Orc Berserker began the quest for the Orb.
     0 | D:1      | Reached XP level 1. HP: 19/19 MP: 1/1
   181 | D:1      | Reached XP level 2. HP: 21/26 MP: 2/2
   339 | D:1      | Found Zadanacs's Distillery.
   548 | D:1      | Reached skill level 5 in Axes
  1446 | D:1      | Reached XP level 3. HP: 30/31 MP: 3/3
  1821 | D:2      | Reached ** piety under Trog
  1872 | D:2      | Reached skill level 6 in Axes
  1993 | D:2      | Reached XP level 4. HP: 28/39 MP: 4/4
  2297 | D:2      | Reached skill level 7 in Axes
  2603 | D:2      | Found an iron altar of Okawaru.
  2665 | D:2      | Reached XP level 5. HP: 34/45 MP: 5/5
  2789 | D:2      | Found a faded altar of an unknown god.
  2883 | D:1      | Bought a potion of heal wounds for 50 gold pieces
  3257 | D:3      | Reached skill level 8 in Axes
  3374 | D:3      | Reached XP level 6. HP: 25/51 MP: 6/6
  3569 | D:3      | Noticed Jessica
  3580 | D:3      | Killed Jessica
  3741 | D:3      | Reached skill level 9 in Axes
  4086 | D:4      | Identified the +3 rapier of the Ass {venom, rPois}
  4164 | D:4      | Reached *** piety under Trog
  4363 | D:4      | Found a sacrificial altar of Ru.
  4368 | D:4      | Found an opulent altar of Gozag.
  4370 | D:4      | Found a broken altar of Ashenzari.
  4545 | D:4      | Found a runed translucent door.
  4546 | D:4      | Noticed Crazy Yiuf
  4578 | D:4      | Reached skill level 10 in Axes
  4742 | D:4      | Reached XP level 7. HP: 38/57 MP: 7/7
  4880 | D:4      | Noticed Dowan
  4882 | D:4      | Noticed Duvessa
  4889 | D:4      | Killed Duvessa
  4894 | D:4      | Killed Dowan
  5012 | D:4      | Killed Crazy Yiuf
  5202 | D:5      | Entered Level 5 of the Dungeon
  5249 | D:5      | Reached skill level 11 in Axes
  5347 | D:5      | Noticed Pikel
  5372 | D:5      | Killed Pikel
  5373 | D:5      | Reached skill level 12 in Axes
  5373 | D:5      | Reached XP level 8. HP: 47/64 MP: 8/8
  5572 | D:5      | Noticed Grinder
  5579 | D:5      | Killed Grinder
  5580 | D:5      | Reached skill level 5 in Armour
  5734 | D:5      | Found Duf Puso's Book Boutique.
  5749 | D:5      | Noticed Blork the orc
  5767 | D:5      | Killed Blork the orc
  5768 | D:5      | Reached skill level 13 in Axes
  6180 | D:5      | Reached skill level 5 in Dodging
  6180 | D:5      | Reached XP level 9. HP: 83/83 MP: 9/9
  6262 | D:6      | Noticed Maggie
  6278 | D:6      | Killed Maggie
  6279 | D:6      | Reached XP level 10. HP: 91/91 MP: 10/10
  6420 | D:6      | Reached **** piety under Trog
  6500 | D:6      | Noticed Menkaure
  6507 | D:6      | Killed Menkaure
  6508 | D:6      | Reached skill level 14 in Axes
  7042 | D:6      | Found a staircase to the Ecumenical Temple.
  7649 | D:7      | Found a glowing silver altar of Zin.
  7651 | D:7      | Found an ornate altar of the Wu Jian Council.
  7851 | D:7      | Reached skill level 15 in Axes
  7961 | D:7      | Found a blossoming altar of Fedhas.
  8830 | D:8      | Reached ***** piety under Trog
  9590 | D:9      | Reached skill level 16 in Axes
  9884 | D:9      | Noticed a two-headed ogre
  9892 | D:9      | Killed a two-headed ogre
  9893 | D:9      | Reached XP level 11. HP: 97/97 MP: 11/11
 10129 | D:9      | Reached skill level 17 in Axes
 10401 | D:9      | Found a staircase to the Orcish Mines.
 10916 | D:10     | Entered Level 10 of the Dungeon
 11377 | D:10     | Noticed a cyclops
 11385 | D:10     | Killed a cyclops
 11386 | D:10     | Reached skill level 18 in Axes
 11391 | D:10     | Noticed a flayed ghost
 11401 | D:10     | Killed a flayed ghost
 11700 | D:10     | Found Qeweq's Distillery.
 11922 | D:10     | Found a staircase to the Lair.
 11929 | D:10     | Noticed a boulder beetle
 12649 | D:10     | Noticed a two-headed ogre
 12655 | D:10     | Killed a boulder beetle
 12656 | D:10     | Reached skill level 19 in Axes
 12659 | D:10     | Killed a two-headed ogre
 12740 | D:10     | Noticed Psyche
 12752 | D:10     | Killed Psyche
 13071 | D:10     | Found a shimmering blue altar of Sif Muna.
 13404 | D:11     | Noticed a cyclops
 13416 | D:11     | Killed a cyclops
 13417 | D:11     | Reached XP level 12. HP: 86/104 MP: 12/12
 13768 | D:11     | Found a frozen archway.
 13788 | D:11     | Reached skill level 20 in Axes
 13864 | IceCv    | Entered an ice cave
 14673 | IceCv    | Noticed a death yak
 14682 | IceCv    | Killed a death yak
 14683 | IceCv    | Reached skill level 21 in Axes
 15190 | IceCv    | Received a gift from Trog
 15191 | IceCv    | Reached skill level 22 in Axes
 15233 | IceCv    | Noticed a death yak
 15233 | IceCv    | Noticed a frost giant
 15254 | IceCv    | Killed a death yak
 15260 | IceCv    | Killed a frost giant
 15271 | IceCv    | Reached XP level 13. HP: 74/111 MP: 13/13
 15887 | D:11     | Noticed Nergalle
 15898 | D:11     | Killed Nergalle
 16687 | D:10     | Bought a potion of experience for 650 gold pieces
 16687 | D:10     | Reached XP level 14. HP: 117/124 MP: 14/14
 16766 | Lair:1   | Entered Level 1 of the Lair of Beasts
 17292 | Lair:1   | You fall into a shaft and drop 1 floor!
 17584 | Lair:1   | Received a gift from Trog
 17997 | Lair:1   | You fall into a shaft and drop 1 floor!
 18300 | Lair:2   | Reached skill level 10 in Armour
 19877 | Lair:3   | Found a staircase to the Shoals.
 19901 | Lair:3   | Found a gate leading to a gauntlet.
 19918 | Gauntlet | Entered a Gauntlet
 19918 | Gauntlet | Found a transporter.
 19918 | Gauntlet | Found a transporter.
 20136 | Gauntlet | Found a transporter.
 20140 | Gauntlet | Found the +1 cloak of Starlight {*Dazzle EV+4 Stlth--}
 20143 | Gauntlet | Found a transporter.
 20155 | Gauntlet | Found a transporter.
 20159 | Gauntlet | Found a transporter.
 20184 | Gauntlet | Found a transporter.
 20188 | Gauntlet | Found a transporter.
 20188 | Gauntlet | Found a transporter.
 20192 | Gauntlet | Found a transporter.
 20204 | Gauntlet | Found a transporter.
 20207 | Gauntlet | Found a transporter.
 20287 | Gauntlet | Found a transporter.
 20304 | Gauntlet | Found a transporter.
 20409 | Gauntlet | Found a transporter.
 20427 | Gauntlet | Found a transporter.
 20988 | Gauntlet | Identified the ring "Poerr" {Ice Will- MP+9 SInv}
 21004 | Gauntlet | Found the amulet of the Air {Inacc Air Fly rElec RMsl}
 21125 | Lair:3   | Found a hole to the Spider Nest.
 22032 | Lair:4   | Received a gift from Trog
 22145 | Lair:4   | You fall into a shaft and drop 2 floors!
 22145 | Lair:6   | Entered Level 6 of the Lair of Beasts
 22158 | Lair:6   | Reached XP level 15. HP: 123/135 MP: 15/15
 22184 | Lair:5   | Reached skill level 23 in Axes
 23118 | Lair:5   | Found a staircase to the Slime Pits.
 23716 | Lair:5   | Reached skill level 24 in Axes
 24670 | Lair:6   | Identified the +2 broad axe of Satyriasis {vorpal, rPois}
                  | (Trog gifted it to you on level 6 of the Lair of Beasts)
 24670 | Lair:6   | Received a gift from Trog
 25113 | Lair:6   | Reached skill level 25 in Axes
 25825 | Lair:6   | Identified the +11 rapier of the Priest {venom, Stlth+}
 25825 | Lair:6   | Noticed Urug
 25841 | Lair:6   | Killed Urug
 26303 | Lair:6   | Reached skill level 26 in Axes
 26696 | Orc:1    | Entered Level 1 of the Orcish Mines
 26950 | Orc:1    | Reached ****** piety under Trog
 27235 | Orc:2    | Entered Level 2 of the Orcish Mines
 27250 | Orc:2    | Reached XP level 16. HP: 134/144 MP: 14/16
 27256 | Orc:2    | Paralysed by an orc sorcerer for 7 turns
 27277 | Orc:2    | Received a gift from Trog
 27504 | Orc:2    | Found a roughly hewn altar of Beogh.
 27623 | Orc:2    | Noticed Donald
 27639 | Orc:2    | Killed Donald
 28362 | Orc:2    | Found Qeveim's Weapon Emporium.
 28362 | Orc:2    | Found a staircase to the Elven Halls.
 28430 | Orc:2    | Received a gift from Trog
 29725 | Orc:2    | Found Pavvoocu's Distillery.
 29725 | Orc:2    | Found Omux Mun's Antique Weapon Shoppe.
 29726 | Orc:2    | Found Googygu's Armour Shoppe.
 29726 | Orc:2    | Found Ytyle's General Store.
 29741 | Orc:2    | Bought a potion of experience for 800 gold pieces
 29741 | Orc:2    | Bought a potion of heal wounds for 80 gold pieces
 29741 | Orc:2    | Reached skill level 15 in Fighting
 29741 | Orc:2    | Reached XP level 17. HP: 156/156 MP: 17/17
 29745 | Orc:2    | Bought a potion of heal wounds for 75 gold pieces
 29745 | Orc:2    | Bought a scroll of enchant armour for 112 gold pieces
 30038 | D:1      | Bought 2 potions of heal wounds for 100 gold pieces
 30038 | D:1      | Bought a potion of heal wounds for 50 gold pieces
 30627 | D:12     | Found an opulent altar of Gozag.
 31212 | D:13     | Noticed Jorgrun
 31212 | D:13     | Noticed Sonja
 31216 | D:13     | Killed Sonja
 31223 | D:13     | Killed Jorgrun
 31736 | D:13     | Found a gate to the Vaults.
 32645 | D:14     | You fall into a shaft and drop 1 floor!
 32645 | D:15     | Entered Level 15 of the Dungeon
 32700 | D:15     | Found a staircase to the Depths.
 32938 | D:14     | Received a gift from Trog
 33229 | D:15     | Reached skill level 10 in Dodging
 33930 | Spider:1 | Entered Level 1 of the Spider Nest
 33948 | Spider:1 | Reached XP level 18. HP: 129/168 MP: 13/18
 34747 | Spider:1 | Noticed Rupert
 34757 | Spider:1 | Killed Rupert
 34800 | Spider:1 | Identified 2 scrolls of acquirement
 34802 | Spider:1 | Acquired 1104 gold pieces
 34811 | Spider:1 | Acquired a +1 pair of gloves of strength
 35107 | Spider:1 | Received a gift from Trog
 35719 | Spider:2 | Noticed Arachne
 35738 | Spider:2 | HP: 8/170 [emperor scorpion[a torpor snail] (6)]
 36371 | Spider:2 | Killed Arachne
 38222 | Spider:3 | Noticed Bai Suzhen
 38236 | Spider:3 | Killed Bai Suzhen
 38237 | Spider:3 | Reached skill level 15 in Armour
 39015 | Spider:4 | Entered Level 4 of the Spider Nest
 41001 | Spider:4 | Received a gift from Trog
 41120 | Spider:4 | Reached XP level 19. HP: 149/181 MP: 0/19
 41146 | Spider:4 | Got a gossamer rune of Zot
 41594 | Shoals:1 | Entered Level 1 of the Shoals
 44643 | Shoals:3 | HP: 7/274 [merfolk (18)]
 44646 | Shoals:3 | HP: 2/274 [poisoned by a merfolk impaler]
 44646 | Shoals:3 | Mangled by a merfolk

Illustrated notes

Levels and vault maps discovered:
D:1:      dpeg_arrival_round_b, layout_basic, serial_shops, nicolae_square_shop
D:2:      layout_rooms, basic_altar,
          hellmonk_ecumenical_altar_pennies_from_heaven
D:3:      layout_rooms, hangedman_decor_points, st_stairs_4, uniq_jessica
D:4:      layout_loops_cross, grunt_temple_overflow_open, nrook_mini_vaults,
          uniq_crazy_yiuf_cottage, uniq_duvessa
D:5:      layout_loops_ring, serial_shops, kennysheep_mini_moat, uniq_grinder,
          uniq_pikel, uniq_blork_the_orc
D:6:      layout_loops_corners, minmay_temple_entry_statues_fountains,
          grunt_decor_arrowhead, uniq_maggie, uniq_menkaure
D:7:      layout_gridville, fedhas_altar_2, nicolae_overflow_hidden_temple
D:8:      layout_loops_ring, serial_undead, serial_undead_d, serial_undead_c,
          serial_undead_b, serial_undead_c
D:9:      layout_gridville, orc_0_dummy
D:10:     layout_basic, led_sif_book, erik_lair_orcish_takeover, serial_shops,
          shop, minmay_three_doors, uniq_psyche
D:11:     layout_stronghold, portal_ice_cave_entry_ice_simulacra, uniq_nergalle
D:12:     layout_irregular_city, minivault_26, grunt_gozag_breadcrumbs
D:13:     layout_roguey, david_vaults_4, uniq_sonja, uniq_jorgrun
D:14:     layout_basic, minmay_misc_feat_rugged
D:15:     gammafunk_enter_depths_forms, layout_cross, minivault_19
Lair:1:   layout_loops_ring, serial_bayou_pond_c, hibernation_bobbens,
          serial_bayou_shore_a
Lair:2:   layout_layer_cave, grunt_megastairs_4, lemuel_fruit_fields,
          serial_bayou_shore_b
Lair:3:   layout_misc_corridors, shoals_dummy_entry, spider_nest_entry_a,
          gauntlet_entry_generic, beast_lair_carwin_10
Lair:4:   layout_concentric_octagons
Lair:5:   layout_long_grid, minmay_slime_entry_pillars, lemuel_fruit_tree
Lair:6:   grunt_lair_end_beastmaster, layout_gridlike, uniq_urug
Shoals:1: layout_shoals, nicolae_shoals_secluded_bog
Shoals:2: layout_shoals
Shoals:3: layout_shoals, nicolae_stop_n_shop_2
Spider:1: layout_spider_delve, uniq_rupert
Spider:2: layout_spider_delve, uniq_arachne
Spider:3: layout_chambers, hangedman_spider_tarantella_strand, uniq_bai_suzhen
Spider:4: spider_rune_water, nicolae_spider_not_touching_you
Orc:1:    layout_diamond_mine
Orc:2:    st_orc_pillars, layout_diamond_mine, serial_shops, shop,
          statue_in_the_mist_lemuel, mines1_david, uniq_donald

Skill      XL: |  1  2  3  4  5  6  7  8  9 10 11 12 13 14 15 16 17 18 19 |
---------------+----------------------------------------------------------+-----
Axes           | 5 6 7 8 10 12 13 16 19 22 26 | 26.0
Armour         | 4 9 11 12 13 15 16 | 16.5
Fighting       | 9 11 13 15 16 18 19 | 19.3
Dodging        | 5 6 8 10 11 12 | 12.4
Evocations     | 4 |  4.6

Action                   |  1- 3 |  4- 6 |  7- 9 | 10-12 | 13-15 | 16-18 | 19-21 || total
-------------------------+-------+-------+-------+-------+-------+-------+-------++-------
Melee: Hand axe          |   154 |   217 |   119 |    86 |       |       |       ||   576
       War axe           |       |       |       |   519 |     8 |       |       ||   527
       Battleaxe         |       |       |       |       |   339 |       |       ||   339
       Executioner's axe |       |       |       |       |   364 |   866 |   190 ||  1420
Throw: Stone             |       |     5 |       |       |       |       |       ||     5
       Boomerang         |       |     4 |       |     6 |       |     4 |     6 ||    20
       Dart              |       |       |       |     3 |       |       |       ||     3
Invok: Berserk           |     2 |     3 |     5 |    18 |     7 |     7 |     1 ||    43
       Trog's Hand       |       |       |       |     1 |       |     1 |       ||     2
Evoke: Wand              |       |       |       |       |       |     6 |       ||     6
       Lightning rod     |       |       |       |       |       |     4 |       ||     4
       Phantom mirror    |       |       |       |       |       |     1 |       ||     1
  Use: Potion            |       |     1 |     1 |       |     2 |     9 |       ||    13
       Scroll            |       |       |     3 |     1 |    14 |    15 |     5 ||    38
 Stab: Distracted        |       |       |       |     1 |       |       |       ||     1
       Invisible         |       |       |       |       |    18 |    38 |    11 ||    67
       Petrified         |       |       |       |       |     4 |       |       ||     4
Armor: Animal skin       |    21 |       |       |       |       |       |       ||    21
       Chain mail        |    53 |   129 |    51 |   235 |   322 |    42 |       ||   832
       Scale mail        |       |       |       |    43 |     3 |       |       ||    46
       Plate armour      |       |       |       |       |       |   530 |   134 ||   664
Dodge: Dodged            |    87 |    86 |    35 |   294 |   407 |   582 |   207 ||  1698
       Repelled          |       |       |       |       |       |       |     5 ||     5

Table legend: (Time is in decaauts)
 A = Elapsed time spent in this place.
 B = Non-inter-level travel time spent in this place.
 C = Inter-level travel time spent in this place.
 D = Time resting spent in this place.
 E = Time spent auto-exploring this place.
 F = Levels seen in this place.
 G = Mean time per level.
                   A        B        C        D        E       F      G
               +--------+--------+--------+--------+--------+-----+--------+
         Total |  44369 |  41962 |   2407 |   2479 |  33730 |  32 | 1386.5 |
       Dungeon |  18926 |  17554 |   1372 |    519 |  14803 |  15 | 1261.7 |
          Lair |   9352 |   8782 |    570 |    906 |   6865 |   6 | 1558.7 |
        Shoals |   2998 |   2932 |     66 |    369 |   2238 |   3 |  999.3 |
   Spider Nest |   7053 |   6818 |    235 |     17 |   5873 |   4 | 1763.2 |
  Orcish Mines |   3061 |   2898 |    163 |    604 |   1869 |   2 | 1530.5 |
      Ice Cave |   1831 |   1831 |      0 |     56 |   1470 |   1 | 1831.0 |
      Gauntlet |   1145 |   1145 |      0 |      6 |    611 |   1 | 1145.0 |
               +--------+--------+--------+--------+--------+-----+--------+

Top non-repeatable levels by time:
    D:10: 2735 daAuts
Spider:3: 2478 daAuts
Spider:4: 2174 daAuts
     D:1: 1995 daAuts
  Lair:2: 1918 daAuts
  Lair:5: 1846 daAuts
   IceCv: 1831 daAuts
  Lair:6: 1738 daAuts
   Orc:2: 1723 daAuts
  Lair:3: 1690 daAuts
Spider:2: 1561 daAuts
Shoals:1: 1445 daAuts
     D:6: 1434 daAuts
    D:11: 1416 daAuts
     D:9: 1413 daAuts
